 Dungeon Crawl Stone Soup version 0.17-a0-755-g4391640 (console) character file.

592 sose the Chiller (level 7, -9/32 HPs)
             Began as a Vine Stalker Ice Elementalist on Apr 22, 2015.
             Mangled by an orc warrior
             ... wielding a +0 war axe
              (12 damage)
             ... on level 7 of the Dungeon.
             The game lasted 00:10:55 (3265 turns).

sose the Chiller (Vine Stalker Ice Elementalist)    Turns: 3265, Time: 00:10:55

Health: -9/32      AC:  3    Str: 11    XL:     7   Next: 39%
Magic:  0/11       EV: 13    Int: 17    God:
Gold:   256        SH:  0    Dex: 14    Spells: 3 memorised, 4 levels left

rFire  . . .     SeeInvis .     d - +0 dagger
rCold  . . .     Clarity  .     a - +0 robe
rNeg   . . .     SustAb   .     (no shield)
rPois  +         Gourm    .     (no helmet)
rElec  .         Spirit   +     (no cloak)
rCorr  .         Warding  .     (no gloves)
rMut   +         Stasis   .     (no boots)
MR     .....                    k - amulet of resist mutation
Stlth  ++++......               g - ring of stealth
                                l - ring of poison resistance

@: not resistant to hostile enchantments, stealthy
A: fangs 2, regeneration 2, shaggy fur 1, magic shield, antimagic bite, no
device heal 3, rot immunity
a: no special abilities


You were on level 7 of the Dungeon.
You were hungry.

You visited 1 branch of the dungeon, and saw 6 of its levels.
You also visited: Bailey.

You collected 256 gold pieces.

Inventory:

Hand weapons
 d - a +0 dagger (weapon)
 A - a +0 blowgun
Missiles
 t - 5 tomahawks of dispersal (quivered)
 B - 22 poisoned needles
 C - a tomahawk of returning
Armour
 a - a +0 robe (worn)
Jewellery
 g - a ring of stealth (right hand)
 i - an uncursed ring of fire
 k - an amulet of resist mutation (around neck)
 l - a ring of poison resistance (left hand)
 w - an uncursed ring of see invisible
Scrolls
 f - 3 scrolls of remove curse
 n - a scroll of immolation {unknown}
 o - a scroll of recharging {unknown}
 q - 2 scrolls of identify {unknown}
 r - 2 scrolls of teleportation {unknown}
 v - 3 scrolls of fog {unknown}
 y - a scroll of magic mapping {unknown}
 z - a scroll of blinking {unknown}
Potions
 e - 5 potions of ambrosia {unknown}
 h - 4 potions of curing {unknown}
 j - 2 potions of heal wounds {unknown}
 p - a potion of agility {unknown}
 s - a potion of brilliance {unknown}
 u - 2 potions of berserk rage {unknown}
Books
 b - a book of Frost

   Spells                             Type                      Level
   a - Freeze                         Ice                          1
   b - Throw Frost                    Conjuration/Ice              2
   c - Ozocubu's Armour               Charms/Ice                   3
   d - Throw Icicle                   Conjuration/Ice              4
   e - Summon Ice Beast               Ice/Summoning                4
   f - Condensation Shield            Ice                          4
Comestibles
 c - 4 bread rations
 m - 5 meat rations
 x - a chunk of flesh


   Skills:
 + Level 3.1 Short Blades
 + Level 2.5 Dodging
 - Level 4.2 Stealth
 - Level 2.1 Spellcasting
 + Level 3.5 Conjurations
 + Level 5.3 Ice Magic


You had 4 spell levels left.
You knew the following spells:

 Your Spells              Type           Power        Failure   Level  Hunger
a - Freeze                Ice            ###.         2%          1    #......
b - Throw Frost           Conj/Ice       ###...       6%          2    ###....
c - Ozocubu's Armour      Chrm/Ice       ##......     21%         3    ###....


Dungeon Overview and Level Annotations

Branches:
Dungeon (7/15)
 Temple: D:4-7

Altars:


Innate Abilities, Weirdness & Mutations

You have extremely sharp teeth.
You heal very quickly.
You are covered in fur (AC +1).
When hurt, damage is shared between your health and your magic reserves.
Your bite disrupts and absorbs the magic of your enemies.
Potions and wands cannot restore your health.
You are immune to rotting.


Message History

Casting: Freeze
Confirm with . or Enter, or press ? or * to list all spells.
Aiming: Freeze
Press: ? - help, Shift-Dir - straight line, f/p - orc warrior
Aim: an orc warrior, wielding a war axe and wearing a plate armour (lightly wounded)
You freeze the orc warrior.
The orc warrior is moderately wounded.
The orc warrior hits you with a war axe!!
Ouch! That really hurt!
* * * LOW HITPOINT WARNING * * *
Unknown command.
Found a stone staircase leading down.
A giant frog comes into view.
The giant frog croaks.
A scorpion comes into view.
The giant frog barely misses you. The giant frog closely misses you.
The scorpion falls through a shaft!
The shaft crumbles and collapses.
The orc warrior hits you with a war axe!
You die...

#....# ####(# #.#
#.# #.# #.#
..#######.######
....ยง....o.....#
.......>.F@.##.#
..######.#.#
#.#.# #F#.# #...#
###.# .# .# .


You could see an orc warrior and 2 giant frogs.

Vanquished Creatures
  An ogre (D:4)
  2 giant frogs (D:7)
  2 scorpions (D:4)
  2 iguanas (D:4)
  An orc wizard (D:5)
  An orc priest (D:5)
  A worker ant (D:7)
  8 adders
  An adder skeleton (D:4)
  A worm (D:4)
  3 giant geckos
  4 orcs
  2 giant cockroaches
  13 hobgoblins
  12 kobolds
  4 quokkas
  A ball python (D:1)
  7 bats
  4 giant newts
  9 goblins
  2 jackals (D:3)
  A quokka skeleton (D:4)
  8 rats
90 creatures vanquished.

Notes
Turn   | Place    | Note
--------------------------------------------------------------
     0 | D:1      | sose, the Vine Stalker Ice Elementalist, began the quest for the Orb.
     0 | D:1      | Reached XP level 1. HP: 9/9 MP: 4/4
   117 | D:1      | Reached XP level 2. HP: 13/13 MP: 4/6
   464 | D:1      | Reached skill level 4 in Ice Magic
   559 | D:1      | Reached XP level 3. HP: 16/16 MP: 7/7
   566 | D:1      | Learned a level 2 spell: Throw Frost
   570 | D:1      | Learned a level 3 spell: Ozocubu's Armour
   865 | D:2      | Reached XP level 4. HP: 9/21 MP: 2/8
  1289 | D:3      | Reached skill level 1 in Short Blades
  1903 | D:4      | Reached XP level 5. HP: 24/24 MP: 9/9
  2771 | D:4      | Noticed an ogre
  2817 | D:4      | Killed an ogre
  2817 | D:4      | Gained mutation: You heal very quickly. [Vine Stalker growth]
  2817 | D:4      | Reached XP level 6. HP: 28/28 MP: 1/10
  2954 | D:5      | Entered Level 5 of the Dungeon
  2978 | D:5      | Reached skill level 5 in Ice Magic
  2978 | D:5      | Reached XP level 7. HP: 30/32 MP: 0/11
  3069 | D:5      | You fall through a shaft for 2 floors!
  3181 | D:7      | Found a flagged portal.
  3194 | Bailey   | Entered a bailey
  3260 | D:7      | HP: 1/32 [orc warrior/war axe (21)]
  3265 | D:7      | Mangled by an orc warrior

Action                   |  1- 3 |  4- 6 |  7- 9 || total
-------------------------+-------+-------+-------++-------
Melee: Dagger            |    98 |    94 |    20 ||   212
       Unarmed           |     1 |       |       ||     1
Throw: Tomahawk          |       |     2 |       ||     2
 Cast: Freeze            |    25 |    55 |    13 ||    93
       Throw Frost       |       |       |     3 ||     3
  Use: Scroll            |       |     1 |       ||     1
 Stab: Sleeping          |     2 |     6 |     1 ||     9
  Eat: Chunk             |       |     7 |       ||     7
       Beef jerky        |       |     1 |       ||     1
